 Dungeon Crawl Stone Soup version 0.24.0-1-gfbc8707122 (webtiles) character file.

Game seed: 9875531588605434236, levelgen mode: deterministic

8826 mopl the Severer (level 11, -6/85 HPs)
             Began as a Minotaur Berserker on Oct 27, 2019.
             Was an Elder of Trog.
             Mangled by a troll (13 damage)
             ... on level 12 of the Dungeon.
             The game lasted 00:11:06 (7686 turns).

mopl the Severer (Minotaur Berserker)               Turns: 7686, Time: 00:11:06

Health: -6/85      AC: 10    Str: 21    XL:     11   Next: 15%
Magic:  20/20      EV: 11    Int:  4    God:    Trog [****..]
Gold:   578        SH:  0    Dex: 14    Spells: 10/10 levels left

rFire    . . .     SeeInvis +   a - +9 battleaxe
rCold    . . .     Gourm    .   (shield currently unavailable)
rNeg     . . .     Faith    .   x - +1 scale mail of Devotion {*Drain rPois Regen+ rCorr MP+9}
rPois    +         Spirit   .   (helmet restricted)
rElec    .         Reflect  .   (no cloak)
rCorr    +         Harm     .   h - +0 pair of gloves
MR       ++...                  b - +0 pair of boots
Stlth    ..........             v - amulet of the acrobat
HPRegen  1.64/turn              E - ring of see invisible
MPRegen  0.17/turn              (no ring)

@: regenerating
A: retaliatory headbutt, horns 2
a: Berserk, Trog's Hand, Brothers in Arms, Renounce Religion


You were on level 12 of the Dungeon.
You worshipped Trog.
Trog was greatly pleased with you.
You were near starving.

You visited 1 branch of the dungeon, and saw 12 of its levels.

You collected 680 gold pieces.
You spent 102 gold pieces at shops.

Inventory:

Hand Weapons
 a - a +9 battleaxe (weapon)
Missiles
 g - 7 atropa-tipped darts (quivered)
 i - 8 javelins
 m - 21 poisoned darts
 G - 7 boomerangs
 J - 2 throwing nets
Armour
 b - a +0 pair of boots (worn)
 h - a +0 pair of gloves (worn)
 x - the +1 scale mail of Devotion (worn) {*Drain rPois Regen+ rCorr MP+9}
   (You found it on level 5 of the Dungeon)

   It protects you from poison.
   It affects your magic capacity (+9).
   It increases your rate of regeneration.
   It provides partial protection from all sources of acid and corrosion.
   It causes draining when unequipped.
 C - the cursed +0 plate armour "Jogu" {rC+, unknown}
   (You found it on level 6 of the Dungeon)

   It protects you from cold.
   It has a curse placed upon it.
 D - the cursed +0 plate armour "Ohifaul" {-Tele rN+++ rCorr, unknown}
   (You found it on level 6 of the Dungeon)

   It renders you almost immune to negative energy.
   It prevents most forms of teleportation.
   It provides partial protection from all sources of acid and corrosion.
   It has a curse placed upon it.
Jewellery
 v - an amulet of the acrobat (around neck)
 E - a ring of see invisible (left hand)
Wands
 y - a wand of polymorph (8)
 I - a wand of enslavement (5)
Scrolls
 d - 2 scrolls of immolation {unknown}
 f - 3 scrolls of magic mapping {unknown}
 j - 5 scrolls of teleportation {unknown}
 k - 8 scrolls of identify {unknown}
 n - a scroll of blinking {unknown}
 o - 3 scrolls of amnesia {unknown}
 q - 4 scrolls of fear {unknown}
 r - 9 scrolls of remove curse {unknown}
 s - 5 scrolls of enchant armour {unknown}
 B - 2 scrolls of enchant weapon {unknown}
 K - a scroll of acquirement {unknown}
 M - a scroll of fog {unknown}
 O - a scroll of noise {unknown}
Potions
 e - a potion of brilliance {unknown}
 l - 3 potions of lignification {unknown}
 p - 5 potions of curing {unknown}
 t - 7 potions of heal wounds {unknown}
 u - 3 potions of mutation {unknown}
 w - 3 potions of flight {unknown}
 z - a potion of degeneration {unknown}
 A - a potion of cancellation {unknown}
 F - 3 potions of might {unknown}
 H - a potion of ambrosia {unknown}
 L - a potion of agility {unknown}
 N - a potion of haste {unknown}
Comestibles
 c - 21 rations


   Skills:
 + Level 4.5 Fighting
 + Level 18.4 Axes
 + Level 1.9 Throwing
 + Level 3.6 Armour
 + Level 3.2 Dodging
 + Level 1.8 Evocations


You had 10 spell levels left.
You didn't know any spells.
Your spell library contained the following spells:

 Spells                   Type           Power        Failure   Level  Hunger
 Animate Skeleton         Necr           N/A          83%         1    ##.....
 Corona                   Hex            #......      83%         1    ##.....
 Pain                     Necr           #...         83%         1    ##.....
 Ensorcelled Hibernation  Hex/Ice        #.....       93%         2    ###....
 Confuse                  Hex            #.......     99%         3    ####...
 Dazzling Spray           Conj/Hex       #.....       99%         3    ####...
 Regeneration             Chrm/Necr      #.........   99%         3    ####...
 Tukima's Dance           Hex            #.......     99%         3    ####...
 Vampiric Draining        Necr           #.........   99%         3    ####...
 Animate Dead             Necr           N/A          100%        4    #####..


Dungeon Overview and Level Annotations

Branches:
Dungeon (11/15)            Temple (0/1) D:4            Lair (0/6) D:9
    Orc: D:9-12

Altars:
Cheibriados
Elyvilon
Nemelex Xobeh
Trog
Wu Jian
Zin

Shops:
D:4 =   D:9 %   D:11 [(


Innate Abilities, Weirdness & Mutations

You reflexively headbutt those who attack you in melee.
You have a pair of horns on your head.


Message History

The killer bee stings something but does no damage.
The killer bee stings you. The troll bites you!
* * * LOW HITPOINT WARNING * * *
The troll claws you!
* * * LOW HITPOINT WARNING * * *
The troll claws you.
* * * LOW HITPOINT WARNING * * *
You hear two shouts!
The killer bee closely misses something.
Unknown command.
The killer bee completely misses you. You furiously retaliate!
You headbutt the killer bee, but do no damage.
The killer bee stings something. x2; The killer bee poisons something!
Evoke which item? (* to show all) (? for menu, Esc to quit)
Aiming: Enslavement
Press: ? - help, Shift-Dir - straight line, f/p - troll
Aim: a troll (chance to defeat MR: 50%)
The troll resists with significant effort.
The killer bee barely misses something.
The troll bites you!
You die...

#....# ......
.#######....###......
.....................
..................>..
........oO.yu.$......
#....oO.yJyyy...?.
#...o#####yT######
#....# #Tu# #....#
#.@# #o..O# #..#
#....# #..# #o..o#
#..# .. #..o.# #..#
..)###....#####...
.....o.)..........
!.................
...............$..


You could see 2 ugly things, a very large slime creature, 2 trolls and 5 killer
bees.

Vanquished Creatures
  Harold (D:11)
  An unseen horror (D:11)
  A cyclops (D:7)
  A komodo dragon (D:9)
  A meliai (D:11)
  A slime creature (D:12)
  3 hippogriffs
  Eustachio (D:4)
  4 yaks (D:10)
  A basilisk (D:11)
  Edmund (D:4)
  A water moccasin (D:8)
  2 ice beasts
  A hornet zombie (D:9)
  2 sky beasts (D:8)
  A black bear (D:7)
  2 orc warriors (D:7)
  3 phantoms
  5 ogres
  5 centaurs
  10 bullfrogs
  A wyvern zombie (D:7)
  2 scorpions
  13 killer bees
  5 howler monkeys
  6 crimson imps
  3 jellies
  2 quasits
  5 hounds
  3 iguanas
  5 orc wizards
  4 worker ants
  A killer bee zombie (D:9)
  A hound zombie (D:6)
  A hound skeleton (D:7)
  2 mummies (D:7)
  3 gnolls (D:6)
  6 adders
  3 shadow imps
  An ooze (D:4)
  3 adder skeletons
  An adder zombie (D:7)
  6 worms
  7 dart slugs
  3 leopard geckos
  23 orcs
  A ball python (D:4)
  6 bats
  3 giant cockroaches
  6 goblins
  7 hobgoblins (D:2)
  19 jackals
  9 kobolds
  4 quokkas
  4 frilled lizards
  A leopard gecko skeleton (D:6)
  A quokka zombie (D:7)
  4 rats
223 creatures vanquished.

Vanquished Creatures (collateral kills)
  3 slime creatures (D:12)
  A hungry ghost (D:12)
  An orc warrior (D:12)
  A crimson imp (D:12)
  An orc priest (D:12)
7 creatures vanquished.

Vanquished Creatures (others)
  A leopard gecko skeleton (D:5)
  A plant (D:9)
2 creatures vanquished.

Grand Total: 232 creatures vanquished

Notes
Turn   | Place    | Note
-------+----------+-------------------------------------------
     0 | D:1      | mopl the Minotaur Berserker began the quest for the Orb.
     0 | D:1      | Reached XP level 1. HP: 19/19 MP: 0/0
    41 | D:1      | Reached skill level 4 in Axes
    69 | D:1      | Reached XP level 2. HP: 18/26 MP: 1/1
   292 | D:1      | Found a sparkling altar of Nemelex Xobeh.
   412 | D:1      | Reached skill level 5 in Axes
   478 | D:1      | Reached XP level 3. HP: 26/31 MP: 2/2
  1072 | D:2      | Reached ** piety under Trog
  1532 | D:2      | Reached skill level 6 in Axes
  1532 | D:2      | Reached XP level 4. HP: 37/39 MP: 3/3
  1662 | D:2      | Found a glowing silver altar of Zin.
  1663 | D:2      | Found an ornate altar of the Wu Jian Council.
  2127 | D:3      | Reached skill level 7 in Axes
  2127 | D:3      | Reached XP level 5. HP: 30/45 MP: 4/4
  2414 | D:4      | Reached *** piety under Trog
  2426 | D:4      | Found Yfud's Jewellery Emporium.
  2431 | D:4      | Bought a cursed -2 ring of intelligence for 24 gold pieces
  2431 | D:4      | Bought a cursed ring of attention for 54 gold pieces
  2431 | D:4      | Bought a cursed amulet of inaccuracy for 24 gold pieces
  2519 | D:4      | Found a staircase to the Ecumenical Temple.
  2734 | D:4      | Noticed Edmund
  2755 | D:4      | Killed Edmund
  2755 | D:4      | Reached skill level 8 in Axes
  2755 | D:4      | Reached XP level 6. HP: 51/51 MP: 5/5
  2784 | D:4      | Noticed Eustachio
  2812 | D:4      | Killed Eustachio
  2812 | D:4      | Reached skill level 9 in Axes
  2932 | D:4      | Reached XP level 7. HP: 45/57 MP: 6/6
  3077 | D:5      | Entered Level 5 of the Dungeon
  3119 | D:5      | Found a white marble altar of Elyvilon.
  3124 | D:5      | Got a transparent scale mail
  3135 | D:5      | Identified the +1 scale mail of Devotion {*Drain rPois
                  | Regen+ rCorr MP+9} (You found it on level 5 of the Dungeon)
  3143 | D:5      | Noticed a hippogriff
  3158 | D:5      | Killed a hippogriff
  3158 | D:5      | Reached skill level 10 in Axes
  3528 | D:5      | Found a bloodstained altar of Trog.
  3653 | D:5      | Reached skill level 11 in Axes
  4049 | D:6      | Reached XP level 8. HP: 64/64 MP: 7/7
  4132 | D:6      | Reached **** piety under Trog
  4136 | D:6      | Reached skill level 12 in Axes
  4289 | D:6      | Got a shimmering plate armour
  4376 | D:6      | Got a crude plate armour
  4559 | D:7      | Reached skill level 13 in Axes
  4619 | D:7      | Reached XP level 9. HP: 69/70 MP: 8/8
  4667 | D:7      | Reached skill level 14 in Axes
  5013 | D:7      | Noticed a cyclops
  5020 | D:7      | Killed a cyclops
  5020 | D:7      | Reached skill level 15 in Axes
  5617 | D:8      | Reached skill level 16 in Axes
  5631 | D:8      | Reached ***** piety under Trog
  5650 | D:8      | Found a snail-covered altar of Cheibriados.
  5850 | D:8      | Reached XP level 10. HP: 41/77 MP: 9/9
  6318 | D:9      | Found a sparkling altar of Nemelex Xobeh.
  6462 | D:9      | Found Taitofon's Food Emporium.
  6512 | D:9      | Received a gift from Trog
  6578 | D:9      | Found a staircase to the Lair.
  6738 | D:10     | Entered Level 10 of the Dungeon
  6742 | D:10     | Reached skill level 17 in Axes
  7329 | D:11     | Noticed an unseen horror
  7338 | D:11     | Killed an unseen horror
  7338 | D:11     | Reached skill level 18 in Axes
  7392 | D:11     | Found Futoeg's Antique Weapon Boutique.
  7446 | D:11     | Found Gyif's Antique Armour Boutique.
  7451 | D:11     | Noticed Harold
  7469 | D:11     | Killed Harold
  7469 | D:11     | Reached skill level 1 in Throwing
  7469 | D:11     | Reached skill level 1 in Evocations
  7547 | D:11     | Reached XP level 11. HP: 84/84 MP: 10/10
  7630 | D:11     | Noticed Sonja
  7631 | D:11     | Noticed Sonja
  7631 | D:11     | Sonja changed into Sonja the meliai
  7640 | D:11     | Killed Sonja the meliai
  7644 | D:11     | You fall into a shaft and drop 1 floor!
  7656 | D:12     | Noticed a brown ugly thing
  7665 | D:12     | Noticed a two-headed ogre
  7676 | D:12     | Noticed a brown ugly thing
  7684 | D:12     | HP: 4/85 [troll (6)]
  7686 | D:12     | Mangled by a troll

Levels and vault maps discovered:
D:1:      dpeg_arrival_long_road, layout_loops_ring, minmay_misc_feat_alley,
          roderic_roman_lattice, nemelex_diamond_rough_becter
D:2:      layout_loops_corners, gammafunk_temple_overflow_statue
D:3:      kennysheep_big_flooded_room, layout_rooms
D:4:      layout_rooms, minmay_temple_entry_gardened_gates, serial_rivers,
          chequers_serial_rivers_micro_a, chequers_serial_rivers_large_a,
          chequers_serial_rivers_small_3, chequers_serial_rivers_small_b,
          chequers_serial_rivers_marsh, chequers_serial_rivers_marsh,
          serial_shops, nicolae_shop_stone, first_ration, uniq_eustachio,
          uniq_edmund
D:5:      layout_basic, kennysheep_mini_moat, elyvilon_altar_5,
          hangedman_glass_teeth, lemuel_flamethrower_2
D:6:      layout_basic, corexii_checkpoint_b, lightli_corner_chamber
D:7:      layout_loops_ring, serial_undead, serial_undead_d, serial_undead_d,
          serial_undead_b, serial_undead_b
D:8:      layout_basic, old_standard_altar
D:9:      layout_basic, nemelex_altar_shiori, david_lair_shrubbed, serial_shops,
          nicolae_shop_statue_plus
D:10:     layout_layer_cave
D:11:     layout_loops_ring, orc_0_dummy, serial_shops, nicolae_shop_stone,
          shop, uniq_harold, uniq_sonja
D:12:     layout_small_grid, uniq_erolcha

Skill      XL: |  1  2  3  4  5  6  7  8  9 10 11 |
---------------+----------------------------------+-----
Axes           | 4 5 6 7 8 9 11 13 16 18 | 18.4
Fighting       | 4 |  4.5
Throwing       | 1 |  1.9
Armour         | 3 |  3.6
Evocations     | 1 |  1.8
Dodging        | 3 |  3.2

Action                   |  1- 3 |  4- 6 |  7- 9 | 10-12 || total
-------------------------+-------+-------+-------+-------++-------
Melee: Hand axe          |    97 |   123 |    40 |       ||   260
       Headbutt          |    17 |    24 |    54 |    24 ||   119
       War axe           |       |       |   198 |    40 ||   238
       Battleaxe         |       |       |       |    87 ||    87
Invok: Berserk           |       |     3 |     3 |     2 ||     8
       Brothers in Arms  |       |       |       |     3 ||     3
       Trog's Hand       |       |       |       |     1 ||     1
Evoke: Wand              |       |       |       |     5 ||     5
 Stab: Sleeping          |     1 |     1 |       |       ||     2
  Eat: Chunk             |     2 |     7 |    12 |     5 ||    26
       Ration            |       |       |       |     2 ||     2
Armor: Animal skin       |    19 |       |       |       ||    19
       Plate armour      |       |    62 |     9 |       ||    71
       Scale mail        |       |       |    60 |    50 ||   110
Dodge: Dodged            |    58 |    39 |   131 |   101 ||   329
